Flames vs Ducks

Created - October 13 2007 at 12:49

Goals
1 2 3 T
Flames 0 2 2 4
Ducks 0 1 0 1
Shots
1 2 3 T
Flames 10 7 13 30
Ducks 6 10 4 20

Period #1

No Goal

Penalities :
Chris Kunitz (ANA) for Tripping (Minor) at 1:16, Mike Fisher (ANA) for Slashing (Minor) at 6:48, Marek Malik (ANA) for Interference (Minor) at 7:38, Bryan Allen (ANA) for Interference (Minor) at 8:57, Travis Green (ANA) for Tripping (Minor) at 9:20, Robyn Regehr (CGY) for Roughing (Minor) at 11:53, Patrick Marleau (ANA) for Slashing (Minor) at 13:19, Tuomo Ruutu (ANA) for Holding (Minor) at 15:33

Period #2

1. Flames , Stephane Yelle 1 (Brian Willsie, Roman Hamrlik) at 6:26
2. Flames , Bill Guerin 4 (Dion Phaneuf, Alex Tanguay) at 8:40 (PP)
3. Ducks , Travis Green 1 (Todd Marchant, Samuel Pahlsson) at 15:54

Penalities :
Jarome Iginla (CGY) for Hooking (Minor) at 0:17, Mike Fisher (ANA) for Hooking (Minor) at 3:43, Mike Fisher (ANA) for Roughing (Double Minor) at 6:39, Todd Marchant (ANA) for Hooking (Minor) at 6:41, Bryan Allen (ANA) for Holding (Minor) at 6:44, Mike Fisher (ANA) for Roughing (Minor) at 8:59, Chris Kunitz (ANA) for Slashing (Double Minor) at 19:30

Period #3

4. Flames , Matthew Lombardi 3 (Jarome Iginla, Robyn Regehr) at 3:10 (PP)
5. Flames , Jarome Iginla 4 (Kristian Huselius, Robyn Regehr) at 14:44

Penalities :
Bryan Allen (ANA) for Fighting (Major) at 5:34, Robyn Regehr (CGY) for Fighting (Major) at 5:34, Roman Hamrlik (CGY) for Holding (Minor) at 7:32

Goalie Stats

Miikka Kiprusoff (CGY), 19 saves from 20 shots - (0.950), W, 5-2-0, 60:00 minutes
Ilya Bryzgalov (ANA), 26 saves from 30 shots - (0.867), L, 0-1-0, 60:00 minutes

Players Stats

Flames
Player Name              G  A  P  +/- PIM S  H  SB FO MP 
-----------------------------------------------------------
Alex Tanguay             0  1  1   0  0   2  2  0  3  18 
Andrew Ference           0  0  0   0  0   0  0  2  0  18 
Bill Guerin              1  0  1   0  0   5  0  0  1  16 
Brian Willsie            0  1  1   0  0   0  2  0  0  7  
Craig Conroy             0  0  0   0  0   0  3  0  15 16 
Daymond Langkow          0  0  0   0  0   4  1  0  28 19 
Dion Phaneuf             0  1  1   0  0   1  0  1  0  24 
Jarome Iginla            1  1  2   1  2   7  2  0  3  20 
Jaroslav Modry           0  0  0   1  0   0  1  1  0  24 
Jeff Friesen             0  0  0   0  0   2  1  0  0  7  
Jussi Jokinen            0  0  0   0  0   1  0  0  0  15 
Kristian Huselius        0  1  1   1  0   5  2  0  1  24 
Matthew Lombardi         1  0  1   1  0   1  1  0  29 22 
Rhett Warrener           0  0  0   0  0   0  1  2  0  16 
Robyn Regehr             0  2  2   1  7   0  0  0  0  21 
Roman Hamrlik            0  1  1   0  2   1  1  0  0  23 
Stephane Yelle           1  0  1   0  0   1  0  0  14 10 
Tony Amonte              0  0  0   0  0   0  3  0  0  15 
Ducks
Player Name              G  A  P  +/- PIM S  H  SB FO MP 
-----------------------------------------------------------
Andrew Brunette          0  0  0  -2  0   0  4  0  0  15 
Andy Mcdonald            0  0  0   0  0   1  1  0  22 16 
Bryan Allen              0  0  0  -2  9   1  7  2  0  22 
Chris Kunitz             0  0  0  -2  6   2  1  1  1  15 
Chris Pronger            0  0  0  -2  0   1  1  3  0  25 
Francois Beauchemin      0  0  0   0  0   2  2  0  0  15 
Hal Gill                 0  0  0   1  0   1  3  0  0  23 
Marek Malik              0  0  0   1  2   0  1  3  0  22 
Mike Fisher              0  0  0   0  10  0  3  1  1  18 
Mike Sillinger           0  0  0   0  0   4  1  1  0  11 
Patrick Marleau          0  0  0   0  2   2  0  0  5  19 
Paul Stastny             0  0  0  -2  0   1  2  0  17 15 
Petr Cajanek             0  0  0   0  0   1  1  0  9  8  
Samuel Pahlsson          0  1  1   1  0   0  3  0  11 17 
Scott Niedermayer        0  0  0   0  0   1  2  1  0  18 
Todd Marchant            0  1  1   1  2   0  1  1  26 15 
Travis Green             1  0  1   1  2   1  1  0  1  14 
Tuomo Ruutu              0  0  0   0  2   2  0  0  1  8  

3 Stars

1 - Jarome Iginla (CGY)
2 - Miikka Kiprusoff (CGY)
3 - Matthew Lombardi (CGY)

Power Play

Flames - 2 on 13 Attempt(s) - 15.38%
Ducks - 0 on 3 Attempt(s) - 0.00%

Penalty Kill

Flames - 3 on 3 Attempt(s) - 100.00% - Score 0 goal in Penalty Kill
Ducks - 11 on 13 Attempt(s) - 84.62% - Score 0 goal in Penalty Kill

Game Notes

8:57 of 1st period - Penalty Shot by Roman Hamrlik for Flames - Shot Misses the Net
Bryan Allen and Robyn Regehr fight to a draw at 5:34 of 3rd period

Finance

Level 1 -- Attendance: 4151 (69.19%) -- Ticket Income $415,100.00
Level 2 -- Attendance: 2852 (68.33%) -- Ticket Income $171,120.00
Level 3 -- Attendance: 1812 (90.58%) -- Ticket Income $63,420.00
Level 4 -- Attendance: 3376 (84.40%) -- Ticket Income $67,520.00
Luxury Box -- Attendance: 775 (77.51%) -- Ticket Income $155,000.00
Game was played at the Arrowhead Pond
Total Attendance: 12966 (75.50%)
Total Ticket Income: $946,153.60
Other Income: $177,484.80
Total Income: $1,123,639.00


Play by Play

Period #1

0:01 of 1st period - Paul Stastny wins face-off versus Daymond Langkow in neutral zone.
0:25 of 1st period - Icing by Roman Hamrlik.
0:26 of 1st period - Daymond Langkow wins face-off versus Andy Mcdonald in Flames zone.
0:33 of 1st period - Shot by Roman Hamrlik.
0:33 of 1st period - Shot Misses the Net.
1:16 of 1st period - Minor Penalty to Chris Kunitz for Tripping.
1:17 of 1st period - Samuel Pahlsson wins face-off versus Matthew Lombardi in Flames zone.
1:26 of 1st period - Shot by Kristian Huselius.
1:26 of 1st period - Deflect By Jarome Iginla.
1:26 of 1st period - Shot Misses the Net.
1:28 of 1st period - Shot by Jarome Iginla.
1:28 of 1st period - Stopped by Ilya Bryzgalov with a rebound.
2:33 of 1st period - Icing by Jarome Iginla.
2:34 of 1st period - Matthew Lombardi wins face-off versus Patrick Marleau in Flames zone.
2:34 of 1st period - Matthew Lombardi is hit by Bryan Allen.
2:47 of 1st period - Kristian Huselius is hit by Bryan Allen and loses puck.
2:57 of 1st period - Off-side.
2:58 of 1st period - Daymond Langkow wins face-off versus Todd Marchant in neutral zone.
3:18 of 1st period - Icing by Scott Niedermayer.
3:19 of 1st period - Andy Mcdonald wins face-off versus Craig Conroy in Ducks zone.
3:40 of 1st period - Shot by Craig Conroy.
3:40 of 1st period - Shot Misses the Net.
3:50 of 1st period - Shot by Mike Fisher.
3:50 of 1st period - Deflect By Patrick Marleau.
3:50 of 1st period - Shot Misses the Net.
3:54 of 1st period - Shot by Andy Mcdonald.
3:54 of 1st period - Shot Blocked by Andrew Ference.
3:56 of 1st period - Shot by Andy Mcdonald.
3:56 of 1st period - Shot Misses the Net.
4:28 of 1st period - Shot by Paul Stastny.
4:28 of 1st period - Shot Misses the Net.
4:30 of 1st period - Shot by Paul Stastny.
4:30 of 1st period - Shot Misses the Net.
4:46 of 1st period - Shot by Andrew Brunette.
4:46 of 1st period - Deflect By Paul Stastny.
4:46 of 1st period - Stopped by Miikka Kiprusoff without a rebound.
4:47 of 1st period - Daymond Langkow wins face-off versus Petr Cajanek in Flames zone.
4:53 of 1st period - Icing by Mike Sillinger.
4:54 of 1st period - Matthew Lombardi wins face-off versus Petr Cajanek in Ducks zone.
5:34 of 1st period - Shot by Mike Sillinger.
5:34 of 1st period - Shot Misses the Net.
5:40 of 1st period - Shot by Kristian Huselius.
5:40 of 1st period - Shot Hit the Post.
5:50 of 1st period - Shot by Alex Tanguay.
5:50 of 1st period - Shot Blocked by Mike Sillinger.
5:54 of 1st period - Shot by Alex Tanguay.
5:54 of 1st period - Shot Misses the Net.
5:58 of 1st period - Shot by Bill Guerin.
5:58 of 1st period - Stopped by Ilya Bryzgalov with a rebound.
6:02 of 1st period - Shot by Alex Tanguay.
6:02 of 1st period - Shot Misses the Net.
6:08 of 1st period - Shot by Bill Guerin.
6:08 of 1st period - Shot Misses the Net.
6:12 of 1st period - Shot by Daymond Langkow.
6:12 of 1st period - Stopped by Ilya Bryzgalov without a rebound.
6:13 of 1st period - Paul Stastny wins face-off versus Stephane Yelle in Ducks zone.
6:37 of 1st period - Shot by Stephane Yelle.
6:37 of 1st period - Shot Blocked by Chris Kunitz.
6:41 of 1st period - Shot by Jeff Friesen.
6:41 of 1st period - Stopped by Ilya Bryzgalov without a rebound.
6:42 of 1st period - Andy Mcdonald wins face-off versus Matthew Lombardi in Ducks zone.
6:48 of 1st period - Minor Penalty to Mike Fisher for Slashing.
6:49 of 1st period - Samuel Pahlsson wins face-off versus Daymond Langkow in Ducks zone.
7:31 of 1st period - Shot by Kristian Huselius.
7:31 of 1st period - Stopped by Ilya Bryzgalov with a rebound.
7:33 of 1st period - Shot by Jaroslav Modry.
7:33 of 1st period - Shot Blocked by Marek Malik.
7:37 of 1st period - Shot by Jarome Iginla.
7:37 of 1st period - Shot Blocked by Bryan Allen.
7:38 of 1st period - Minor Penalty to Marek Malik for Interference.
7:39 of 1st period - Matthew Lombardi wins face-off versus Samuel Pahlsson in Ducks zone.
8:06 of 1st period - Shot by Kristian Huselius.
8:06 of 1st period - Stopped by Ilya Bryzgalov without a rebound.
8:07 of 1st period - Todd Marchant wins face-off versus Daymond Langkow in Ducks zone.
8:32 of 1st period - Shot by Alex Tanguay.
8:32 of 1st period - Stopped by Ilya Bryzgalov without a rebound.
8:33 of 1st period - Matthew Lombardi wins face-off versus Samuel Pahlsson in Ducks zone.
8:49 of 1st period - Matthew Lombardi is hit by Scott Niedermayer and loses puck.
8:54 of 1st period - Shot by Kristian Huselius.
8:54 of 1st period - Stopped by Ilya Bryzgalov without a rebound.
8:55 of 1st period - Daymond Langkow wins face-off versus Todd Marchant in Ducks zone.
8:56 of 1st period - Shot by Bill Guerin.
8:56 of 1st period - Shot Blocked by Mike Fisher.
8:57 of 1st period - Minor Penalty to Bryan Allen for Interference.
8:57 of 1st period - Penalty Shot by Roman Hamrlik for Flames.
8:57 of 1st period - Shot Misses the Net.
8:58 of 1st period - Bill Guerin wins face-off versus Todd Marchant in Ducks zone.
9:20 of 1st period - Minor Penalty to Travis Green for Tripping.
9:21 of 1st period - Samuel Pahlsson wins face-off versus Jarome Iginla in neutral zone.
11:01 of 1st period - Icing by Andrew Ference.
11:02 of 1st period - Craig Conroy wins face-off versus Samuel Pahlsson in Flames zone.
11:27 of 1st period - Shot by Tuomo Ruutu.
11:27 of 1st period - Deflect By Mike Sillinger.
11:27 of 1st period - Shot Misses the Net.
11:29 of 1st period - Shot by Marek Malik.
11:29 of 1st period - Shot Blocked by Rhett Warrener.
11:31 of 1st period - Shot by Mike Sillinger.
11:31 of 1st period - Stopped by Miikka Kiprusoff without a rebound.
11:32 of 1st period - Andy Mcdonald wins face-off versus Stephane Yelle in Flames zone.
11:34 of 1st period - Mike Fisher is hit by Roman Hamrlik and loses puck.
11:52 of 1st period - Andy Mcdonald is hit by Brian Willsie and loses puck.
11:53 of 1st period - Minor Penalty to Robyn Regehr for Roughing.
11:54 of 1st period - Paul Stastny wins face-off versus Stephane Yelle in Flames zone.
12:29 of 1st period - Off-side.
12:30 of 1st period - Andy Mcdonald wins face-off versus Matthew Lombardi in neutral zone.
12:37 of 1st period - Shot by Andy Mcdonald.
12:37 of 1st period - Deflect By Patrick Marleau.
12:37 of 1st period - Stopped by Miikka Kiprusoff with a rebound.
12:39 of 1st period - Shot by Patrick Marleau.
12:39 of 1st period - Deflect By Andy Mcdonald.
12:39 of 1st period - Shot Misses the Net.
12:41 of 1st period - Shot by Andy Mcdonald.
12:41 of 1st period - Shot Misses the Net.
12:55 of 1st period - Shot by Bryan Allen.
12:55 of 1st period - Stopped by Miikka Kiprusoff with a rebound.
12:57 of 1st period - Shot by Scott Niedermayer.
12:57 of 1st period - Stopped by Miikka Kiprusoff without a rebound.
12:58 of 1st period - Paul Stastny wins face-off versus Stephane Yelle in Flames zone.
13:13 of 1st period - Shot by Paul Stastny.
13:13 of 1st period - Shot Misses the Net.
13:15 of 1st period - Shot by Francois Beauchemin.
13:15 of 1st period - Shot Blocked by Jaroslav Modry.
13:17 of 1st period - Shot by Hal Gill.
13:17 of 1st period - Stopped by Miikka Kiprusoff without a rebound.
13:18 of 1st period - Stephane Yelle wins face-off versus Andy Mcdonald in Flames zone.
13:18 of 1st period - Kristian Huselius is hit by Bryan Allen and loses puck.
13:19 of 1st period - Minor Penalty to Patrick Marleau for Slashing.
13:20 of 1st period - Alex Tanguay wins face-off versus Andy Mcdonald in Flames zone.
14:20 of 1st period - Icing by Bill Guerin.
14:21 of 1st period - Daymond Langkow wins face-off versus Todd Marchant in Flames zone.
14:23 of 1st period - Icing by Alex Tanguay.
14:24 of 1st period - Todd Marchant wins face-off versus Daymond Langkow in Flames zone.
14:32 of 1st period - Icing by Roman Hamrlik.
14:33 of 1st period - Todd Marchant wins face-off versus Alex Tanguay in Flames zone.
15:33 of 1st period - Minor Penalty to Tuomo Ruutu for Holding.
15:34 of 1st period - Todd Marchant wins face-off versus Matthew Lombardi in neutral zone.
16:04 of 1st period - Icing by Kristian Huselius.
16:05 of 1st period - Todd Marchant wins face-off versus Jarome Iginla in Flames zone.
16:20 of 1st period - Travis Green is hit by Jarome Iginla and loses puck.
16:34 of 1st period - Icing by Alex Tanguay.
16:35 of 1st period - Daymond Langkow wins face-off versus Todd Marchant in Flames zone.
16:52 of 1st period - Shot by Bill Guerin.
16:52 of 1st period - Stopped by Ilya Bryzgalov without a rebound.
16:53 of 1st period - Samuel Pahlsson wins face-off versus Matthew Lombardi in Ducks zone.
16:53 of 1st period - Samuel Pahlsson is hit by Kristian Huselius.
18:06 of 1st period - Patrick Marleau is hit by Rhett Warrener and loses puck.
18:16 of 1st period - Icing by Andrew Ference.
18:17 of 1st period - Paul Stastny wins face-off versus Craig Conroy in Flames zone.
18:26 of 1st period - Jussi Jokinen is hit by Paul Stastny and loses puck.
18:30 of 1st period - Craig Conroy is hit by Bryan Allen and loses puck.
19:12 of 1st period - Off-side.
19:13 of 1st period - Matthew Lombardi wins face-off versus Todd Marchant in neutral zone.
19:27 of 1st period - Shot by Kristian Huselius.
19:27 of 1st period - Shot Misses the Net.
19:30 of 1st period - Jarome Iginla is hit by Hal Gill and loses puck.
19:39 of 1st period - Shot by Kristian Huselius.
19:39 of 1st period - Deflect By Jarome Iginla.
19:39 of 1st period - Stopped by Ilya Bryzgalov with a rebound.
19:41 of 1st period - Shot by Robyn Regehr.
19:41 of 1st period - Shot Blocked by Marek Malik.
19:43 of 1st period - Shot by Matthew Lombardi.
19:43 of 1st period - Shot Blocked by Todd Marchant.
19:46 of 1st period - Jarome Iginla is hit by Hal Gill and loses puck.

Period #2

0:01 of 2nd period - Daymond Langkow wins face-off versus Paul Stastny in neutral zone.
0:01 of 2nd period - Daymond Langkow is hit by Andrew Brunette.
0:11 of 2nd period - Shot by Bill Guerin.
0:11 of 2nd period - Shot Blocked by Chris Pronger.
0:14 of 2nd period - Icing by Chris Pronger.
0:15 of 2nd period - Matthew Lombardi wins face-off versus Paul Stastny in Ducks zone.
0:15 of 2nd period - Kristian Huselius is hit by Andrew Brunette and loses puck.
0:17 of 2nd period - Minor Penalty to Jarome Iginla for Hooking.
0:18 of 2nd period - Andy Mcdonald wins face-off versus Stephane Yelle in Ducks zone.
0:33 of 2nd period - Shot by Mike Sillinger.
0:33 of 2nd period - Stopped by Miikka Kiprusoff without a rebound.
0:34 of 2nd period - Daymond Langkow wins face-off versus Paul Stastny in Flames zone.
0:34 of 2nd period - Daymond Langkow is hit by Andrew Brunette.
0:43 of 2nd period - Icing by Paul Stastny.
0:44 of 2nd period - Stephane Yelle wins face-off versus Paul Stastny in Ducks zone.
0:59 of 2nd period - Shot by Chris Kunitz.
0:59 of 2nd period - Shot Misses the Net.
1:01 of 2nd period - Shot by Chris Pronger.
1:01 of 2nd period - Stopped by Miikka Kiprusoff without a rebound.
1:02 of 2nd period - Andy Mcdonald wins face-off versus Daymond Langkow in Flames zone.
1:05 of 2nd period - Shot by Patrick Marleau.
1:05 of 2nd period - Stopped by Miikka Kiprusoff without a rebound.
1:06 of 2nd period - Andy Mcdonald wins face-off versus Daymond Langkow in Flames zone.
1:19 of 2nd period - Shot by Andy Mcdonald.
1:19 of 2nd period - Stopped by Miikka Kiprusoff without a rebound.
1:20 of 2nd period - Paul Stastny wins face-off versus Stephane Yelle in Flames zone.
1:36 of 2nd period - Shot by Francois Beauchemin.
1:36 of 2nd period - Stopped by Miikka Kiprusoff without a rebound.
1:37 of 2nd period - Andy Mcdonald wins face-off versus Daymond Langkow in Flames zone.
3:02 of 2nd period - Icing by Hal Gill.
3:03 of 2nd period - Todd Marchant wins face-off versus Daymond Langkow in Ducks zone.
3:03 of 2nd period - Todd Marchant is hit by Alex Tanguay.
3:08 of 2nd period - Off-side.
3:09 of 2nd period - Matthew Lombardi wins face-off versus Paul Stastny in neutral zone.
3:21 of 2nd period - Kristian Huselius is hit by Bryan Allen and loses puck.
3:24 of 2nd period - Shot by Kristian Huselius.
3:24 of 2nd period - Shot Blocked by Chris Pronger.
3:26 of 2nd period - Shot by Matthew Lombardi.
3:26 of 2nd period - Shot Misses the Net.
3:30 of 2nd period - Shot by Jarome Iginla.
3:30 of 2nd period - Shot Blocked by Bryan Allen.
3:34 of 2nd period - Shot by Jarome Iginla.
3:34 of 2nd period - Stopped by Ilya Bryzgalov without a rebound.
3:35 of 2nd period - Daymond Langkow wins face-off versus Andy Mcdonald in Ducks zone.
3:43 of 2nd period - Minor Penalty to Mike Fisher for Hooking.
3:44 of 2nd period - Daymond Langkow wins face-off versus Todd Marchant in Flames zone.
3:57 of 2nd period - Shot by Bill Guerin.
3:57 of 2nd period - Deflect By Daymond Langkow.
3:57 of 2nd period - Shot Misses the Net.
5:13 of 2nd period - Hal Gill is hit by Jarome Iginla and loses puck.
6:06 of 2nd period - Shot by Tony Amonte.
6:06 of 2nd period - Deflect By Craig Conroy.
6:06 of 2nd period - Shot Misses the Net.
6:08 of 2nd period - Shot by Jussi Jokinen.
6:08 of 2nd period - Stopped by Ilya Bryzgalov without a rebound.
6:09 of 2nd period - Stephane Yelle wins face-off versus Paul Stastny in Ducks zone.
6:22 of 2nd period - Shot by Brian Willsie.
6:22 of 2nd period - Shot Misses the Net.
6:26 of 2nd period - Shot by Stephane Yelle.
6:26 of 2nd period - Goal by Stephane Yelle - Flames : 1 - Ducks : 0.
6:27 of 2nd period - Petr Cajanek wins face-off versus Craig Conroy in neutral zone.
6:37 of 2nd period - Icing by Craig Conroy.
6:38 of 2nd period - Craig Conroy wins face-off versus Andy Mcdonald in Flames zone.
6:38 of 2nd period - Craig Conroy is hit by Mike Fisher.
6:39 of 2nd period - Double Minor Penalty to Mike Fisher for Roughing.
6:40 of 2nd period - Daymond Langkow wins face-off versus Todd Marchant in Flames zone.
6:40 of 2nd period - Daymond Langkow is hit by Todd Marchant.
6:41 of 2nd period - Minor Penalty to Todd Marchant for Hooking.
6:42 of 2nd period - Daymond Langkow wins face-off versus Patrick Marleau in Flames zone.
6:44 of 2nd period - Minor Penalty to Bryan Allen for Holding.
6:45 of 2nd period - Patrick Marleau wins face-off versus Matthew Lombardi in neutral zone.
7:12 of 2nd period - Icing by Matthew Lombardi.
7:13 of 2nd period - Matthew Lombardi wins face-off versus Samuel Pahlsson in Flames zone.
8:04 of 2nd period - Shot by Roman Hamrlik.
8:04 of 2nd period - Stopped by Ilya Bryzgalov without a rebound.
8:05 of 2nd period - Daymond Langkow wins face-off versus Patrick Marleau in Ducks zone.
8:06 of 2nd period - Shot by Roman Hamrlik.
8:06 of 2nd period - Shot Misses the Net.
8:32 of 2nd period - Shot by Bill Guerin.
8:32 of 2nd period - Deflect By Daymond Langkow.
8:32 of 2nd period - Stopped by Ilya Bryzgalov without a rebound.
8:33 of 2nd period - Alex Tanguay wins face-off versus Patrick Marleau in Ducks zone.
8:34 of 2nd period - Shot by Bill Guerin.
8:34 of 2nd period - Shot Misses the Net.
8:36 of 2nd period - Shot by Dion Phaneuf.
8:36 of 2nd period - Shot Hit the Post.
8:40 of 2nd period - Shot by Bill Guerin.
8:40 of 2nd period - Goal by Bill Guerin - Flames : 2 - Ducks : 0.
8:41 of 2nd period - Matthew Lombardi wins face-off versus Todd Marchant in neutral zone.
8:59 of 2nd period - Minor Penalty to Mike Fisher for Roughing.
9:00 of 2nd period - Matthew Lombardi wins face-off versus Samuel Pahlsson in Ducks zone.
9:46 of 2nd period - Icing by Roman Hamrlik.
9:47 of 2nd period - Samuel Pahlsson wins face-off versus Daymond Langkow in Flames zone.
10:00 of 2nd period - Shot by Bill Guerin.
10:00 of 2nd period - Shot Hit the Post.
10:42 of 2nd period - Shot by Jaroslav Modry.
10:42 of 2nd period - Shot Hit the Post.
11:07 of 2nd period - Craig Conroy is hit by Francois Beauchemin and loses puck.
11:20 of 2nd period - Francois Beauchemin is hit by Tony Amonte and loses puck.
11:26 of 2nd period - Icing by Scott Niedermayer.
11:27 of 2nd period - Andy Mcdonald wins face-off versus Stephane Yelle in Ducks zone.
12:16 of 2nd period - Tuomo Ruutu is hit by Jeff Friesen and loses puck.
12:24 of 2nd period - Tuomo Ruutu is hit by Brian Willsie and loses puck.
12:38 of 2nd period - Stephane Yelle is hit by Chris Kunitz and loses puck.
13:09 of 2nd period - Shot by Chris Kunitz.
13:09 of 2nd period - Stopped by Miikka Kiprusoff without a rebound.
13:10 of 2nd period - Andy Mcdonald wins face-off versus Matthew Lombardi in Flames zone.
13:10 of 2nd period - Patrick Marleau is hit by Jaroslav Modry and loses puck.
14:23 of 2nd period - Icing by Jaroslav Modry.
14:24 of 2nd period - Matthew Lombardi wins face-off versus Paul Stastny in Flames zone.
15:42 of 2nd period - Shot by Mike Sillinger.
15:42 of 2nd period - Stopped by Miikka Kiprusoff with a rebound.
15:46 of 2nd period - Shot by Petr Cajanek.
15:46 of 2nd period - Stopped by Miikka Kiprusoff without a rebound.
15:47 of 2nd period - Todd Marchant wins face-off versus Stephane Yelle in Flames zone.
15:52 of 2nd period - Shot by Todd Marchant.
15:52 of 2nd period - Shot Misses the Net.
15:54 of 2nd period - Shot by Todd Marchant.
15:54 of 2nd period - Deflect By Travis Green.
15:54 of 2nd period - Goal by Travis Green - Flames : 2 - Ducks : 1.
15:55 of 2nd period - Stephane Yelle wins face-off versus Todd Marchant in neutral zone.
16:12 of 2nd period - Roman Hamrlik is hit by Samuel Pahlsson and loses puck.
17:11 of 2nd period - Shot by Jarome Iginla.
17:11 of 2nd period - Shot Misses the Net.
17:16 of 2nd period - Shot by Jarome Iginla.
17:16 of 2nd period - Stopped by Ilya Bryzgalov without a rebound.
17:17 of 2nd period - Matthew Lombardi wins face-off versus Andy Mcdonald in Ducks zone.
17:17 of 2nd period - Matthew Lombardi is hit by Francois Beauchemin.
17:39 of 2nd period - Shot by Matthew Lombardi.
17:39 of 2nd period - Shot Blocked by Scott Niedermayer.
18:34 of 2nd period - Off-side.
18:35 of 2nd period - Petr Cajanek wins face-off versus Craig Conroy in neutral zone.
18:44 of 2nd period - Shot by Mike Sillinger.
18:44 of 2nd period - Stopped by Miikka Kiprusoff without a rebound.
18:45 of 2nd period - Todd Marchant wins face-off versus Craig Conroy in Flames zone.
18:57 of 2nd period - Icing by Andrew Ference.
18:58 of 2nd period - Craig Conroy wins face-off versus Chris Kunitz in Flames zone.
19:00 of 2nd period - Tony Amonte is hit by Paul Stastny and loses puck.
19:05 of 2nd period - Bryan Allen is hit by Craig Conroy and loses puck.
19:29 of 2nd period - Jussi Jokinen is hit by Chris Pronger and loses puck.
19:30 of 2nd period - Double Minor Penalty to Chris Kunitz for Slashing.
19:31 of 2nd period - Todd Marchant wins face-off versus Matthew Lombardi in Ducks zone.
19:31 of 2nd period - Todd Marchant is hit by Kristian Huselius.
19:56 of 2nd period - Icing by Matthew Lombardi.
19:57 of 2nd period - Todd Marchant wins face-off versus Matthew Lombardi in Flames zone.

Period #3

0:01 of 3rd period - Todd Marchant wins face-off versus Daymond Langkow in neutral zone.
0:01 of 3rd period - Todd Marchant is hit by Alex Tanguay.
0:13 of 3rd period - Shot by Daymond Langkow.
0:13 of 3rd period - Shot Blocked by Chris Pronger.
0:17 of 3rd period - Shot by Bill Guerin.
0:17 of 3rd period - Stopped by Ilya Bryzgalov with a rebound.
0:32 of 3rd period - Icing by Roman Hamrlik.
0:33 of 3rd period - Todd Marchant wins face-off versus Daymond Langkow in Flames zone.
0:33 of 3rd period - Marek Malik is hit by Daymond Langkow and loses puck.
1:03 of 3rd period - Icing by Jaroslav Modry.
1:04 of 3rd period - Samuel Pahlsson wins face-off versus Matthew Lombardi in Flames zone.
1:15 of 3rd period - Shot by Jarome Iginla.
1:15 of 3rd period - Shot Misses the Net.
1:19 of 3rd period - Shot by Matthew Lombardi.
1:19 of 3rd period - Shot Misses the Net.
1:23 of 3rd period - Shot by Kristian Huselius.
1:23 of 3rd period - Stopped by Ilya Bryzgalov without a rebound.
1:24 of 3rd period - Matthew Lombardi wins face-off versus Todd Marchant in Ducks zone.
2:06 of 3rd period - Shot by Bill Guerin.
2:06 of 3rd period - Deflect By Daymond Langkow.
2:06 of 3rd period - Shot Misses the Net.
2:08 of 3rd period - Shot by Bill Guerin.
2:08 of 3rd period - Shot Misses the Net.
2:10 of 3rd period - Shot by Roman Hamrlik.
2:10 of 3rd period - Shot Misses the Net.
2:12 of 3rd period - Shot by Roman Hamrlik.
2:12 of 3rd period - Shot Misses the Net.
2:14 of 3rd period - Shot by Dion Phaneuf.
2:14 of 3rd period - Stopped by Ilya Bryzgalov without a rebound.
2:15 of 3rd period - Daymond Langkow wins face-off versus Travis Green in Ducks zone.
2:40 of 3rd period - Shot by Bill Guerin.
2:40 of 3rd period - Shot Misses the Net.
2:42 of 3rd period - Shot by Alex Tanguay.
2:42 of 3rd period - Stopped by Ilya Bryzgalov without a rebound.
2:43 of 3rd period - Mike Fisher wins face-off versus Matthew Lombardi in Ducks zone.
3:08 of 3rd period - Shot by Jarome Iginla.
3:08 of 3rd period - Shot Misses the Net.
3:10 of 3rd period - Shot by Matthew Lombardi.
3:10 of 3rd period - Goal by Matthew Lombardi - Flames : 3 - Ducks : 1.
3:11 of 3rd period - Craig Conroy wins face-off versus Andy Mcdonald in neutral zone.
3:15 of 3rd period - Craig Conroy is hit by Scott Niedermayer and loses puck.
3:24 of 3rd period - Shot by Mike Fisher.
3:24 of 3rd period - Shot Misses the Net.
3:46 of 3rd period - Scott Niedermayer is hit by Tony Amonte and loses puck.
3:51 of 3rd period - Rhett Warrener is hit by Mike Fisher and loses puck.
4:06 of 3rd period - Rhett Warrener is hit by Bryan Allen and loses puck.
4:24 of 3rd period - Shot by Stephane Yelle.
4:24 of 3rd period - Shot Misses the Net.
4:26 of 3rd period - Shot by Jeff Friesen.
4:26 of 3rd period - Stopped by Ilya Bryzgalov without a rebound.
4:27 of 3rd period - Daymond Langkow wins face-off versus Petr Cajanek in Ducks zone.
4:27 of 3rd period - Daymond Langkow is hit by Marek Malik.
4:33 of 3rd period - Shot by Alex Tanguay.
4:33 of 3rd period - Shot Blocked by Marek Malik.
4:36 of 3rd period - Daymond Langkow is hit by Hal Gill and loses puck.
4:50 of 3rd period - Bill Guerin is hit by Petr Cajanek and loses puck.
4:59 of 3rd period - Shot by Bill Guerin.
4:59 of 3rd period - Stopped by Ilya Bryzgalov with a rebound.
5:01 of 3rd period - Shot by Daymond Langkow.
5:01 of 3rd period - Stopped by Ilya Bryzgalov without a rebound.
5:02 of 3rd period - Kristian Huselius wins face-off versus Paul Stastny in Ducks zone.
5:02 of 3rd period - Jarome Iginla is hit by Bryan Allen and loses puck.
5:34 of 3rd period - Bryan Allen and Robyn Regehr fight to a draw.
5:34 of 3rd period - Penalty to Bryan Allen for Fighting.
5:34 of 3rd period - Penalty to Robyn Regehr for Fighting.
5:35 of 3rd period - Todd Marchant wins face-off versus Craig Conroy in neutral zone.
5:43 of 3rd period - Craig Conroy is hit by Samuel Pahlsson and loses puck.
5:53 of 3rd period - Jussi Jokinen is hit by Travis Green and loses puck.
6:07 of 3rd period - Tony Amonte is hit by Samuel Pahlsson and loses puck.
6:24 of 3rd period - Icing by Samuel Pahlsson.
6:25 of 3rd period - Todd Marchant wins face-off versus Matthew Lombardi in Ducks zone.
6:25 of 3rd period - Todd Marchant is hit by Matthew Lombardi.
7:32 of 3rd period - Minor Penalty to Roman Hamrlik for Holding.
7:33 of 3rd period - Stephane Yelle wins face-off versus Andy Mcdonald in Flames zone.
7:42 of 3rd period - Stephane Yelle is hit by Mike Sillinger and loses puck.
10:26 of 3rd period - Shot by Paul Stastny.
10:26 of 3rd period - Shot Blocked by Dion Phaneuf.
10:30 of 3rd period - Shot by Paul Stastny.
10:30 of 3rd period - Shot Misses the Net.
10:32 of 3rd period - Shot by Francois Beauchemin.
10:32 of 3rd period - Stopped by Miikka Kiprusoff without a rebound.
10:33 of 3rd period - Craig Conroy wins face-off versus Petr Cajanek in Flames zone.
10:43 of 3rd period - Off-side.
10:44 of 3rd period - Craig Conroy wins face-off versus Andy Mcdonald in neutral zone.
11:25 of 3rd period - Icing by Rhett Warrener.
11:26 of 3rd period - Petr Cajanek wins face-off versus Craig Conroy in Flames zone.
11:37 of 3rd period - Shot by Tuomo Ruutu.
11:37 of 3rd period - Stopped by Miikka Kiprusoff without a rebound.
11:38 of 3rd period - Paul Stastny wins face-off versus Jarome Iginla in Flames zone.
11:58 of 3rd period - Icing by Robyn Regehr.
11:59 of 3rd period - Petr Cajanek wins face-off versus Matthew Lombardi in Flames zone.
12:53 of 3rd period - Shot by Paul Stastny.
12:53 of 3rd period - Deflect By Chris Kunitz.
12:53 of 3rd period - Stopped by Miikka Kiprusoff without a rebound.
12:54 of 3rd period - Andy Mcdonald wins face-off versus Stephane Yelle in Flames zone.
13:36 of 3rd period - Off-side.
13:37 of 3rd period - Craig Conroy wins face-off versus Paul Stastny in neutral zone.
14:28 of 3rd period - Icing by Bryan Allen.
14:29 of 3rd period - Matthew Lombardi wins face-off versus Paul Stastny in Ducks zone.
14:42 of 3rd period - Shot by Kristian Huselius.
14:42 of 3rd period - Shot Misses the Net.
14:44 of 3rd period - Shot by Jarome Iginla.
14:44 of 3rd period - Goal by Jarome Iginla - Flames : 4 - Ducks : 1.
14:45 of 3rd period - Tuomo Ruutu wins face-off versus Daymond Langkow in neutral zone.
14:50 of 3rd period - Shot by Mike Sillinger.
14:50 of 3rd period - Deflect By Tuomo Ruutu.
14:50 of 3rd period - Stopped by Miikka Kiprusoff with a rebound.
15:05 of 3rd period - Icing by Dion Phaneuf.
15:06 of 3rd period - Andy Mcdonald wins face-off versus Daymond Langkow in Flames zone.
15:14 of 3rd period - Off-side.
15:15 of 3rd period - Todd Marchant wins face-off versus Matthew Lombardi in neutral zone.
15:54 of 3rd period - Shot by Jarome Iginla.
15:54 of 3rd period - Shot Misses the Net.
15:58 of 3rd period - Shot by Jarome Iginla.
15:58 of 3rd period - Stopped by Ilya Bryzgalov without a rebound.
15:59 of 3rd period - Craig Conroy wins face-off versus Andy Mcdonald in Ducks zone.
16:07 of 3rd period - Scott Niedermayer is hit by Craig Conroy and loses puck.
16:41 of 3rd period - Andy Mcdonald is hit by Craig Conroy and loses puck.
17:06 of 3rd period - Shot by Chris Kunitz.
17:06 of 3rd period - Shot Misses the Net.
17:23 of 3rd period - Daymond Langkow is hit by Andrew Brunette and loses puck.
17:32 of 3rd period - Shot by Daymond Langkow.
17:32 of 3rd period - Shot Misses the Net.
17:34 of 3rd period - Shot by Daymond Langkow.
17:34 of 3rd period - Shot Misses the Net.
17:38 of 3rd period - Shot by Bill Guerin.
17:38 of 3rd period - Deflect By Daymond Langkow.
17:38 of 3rd period - Stopped by Ilya Bryzgalov with a rebound.
17:56 of 3rd period - Shot by Jarome Iginla.
17:56 of 3rd period - Deflect By Kristian Huselius.
17:56 of 3rd period - Stopped by Ilya Bryzgalov with a rebound.
17:58 of 3rd period - Shot by Jarome Iginla.
17:58 of 3rd period - Stopped by Ilya Bryzgalov without a rebound.
17:59 of 3rd period - Petr Cajanek wins face-off versus Matthew Lombardi in Ducks zone.
18:23 of 3rd period - Shot by Kristian Huselius.
18:23 of 3rd period - Shot Misses the Net.
19:11 of 3rd period - Andy Mcdonald is hit by Tony Amonte and loses puck.
19:18 of 3rd period - Shot by Patrick Marleau.
19:18 of 3rd period - Shot Blocked by Andrew Ference.
19:20 of 3rd period - Shot by Francois Beauchemin.
19:20 of 3rd period - Shot Blocked by Rhett Warrener.
19:22 of 3rd period - Shot by Andy Mcdonald.
19:22 of 3rd period - Shot Misses the Net.
19:29 of 3rd period - Tony Amonte is hit by Mike Fisher and loses puck.
19:36 of 3rd period - Rhett Warrener is hit by Andy Mcdonald and loses puck.


Output by the SimonT Hockey Simulator (STHS) for Stephane Roy -- Original Page W3C XHTML 1.0 Valid